 Dungeon Crawl Stone Soup version 0.28.0-53-g5a82cb258f (webtiles) character file.

Game seed: 17384393530889926074

2804 Gabide the Martial Artist (level 9, 0/50 HPs)
             Began as a Vine Stalker Monk on June 2, 2022.
             Was a Believer of Fedhas.
             Slain by an orc warrior
             ... wielding a +0 flail
              (3 damage)
             ... on level 8 of the Dungeon.
             The game lasted 00:12:51 (6902 turns).

Gabide the Martial Artist (Vine Stalker Monk)       Turns: 6902, Time: 00:12:52

Health: 0/50       AC:  6    Str: 13    XL:     9   Next: 72%
Magic:  0/10       EV: 17    Int: 16    God:    Fedhas [**....]
Gold:   340        SH:  0    Dex: 22    Spells: 8/8 levels left

rFire   + . .      SeeInvis .     - Unarmed
rCold   . . .      Faith    .   (no shield)
rNeg    . . .      Spirit   +   K - +0 steam dragon scales
rPois   .          Reflect  .   (no helmet)
rElec   .          Harm     .   (no cloak)
rCorr   .          Rampage  .   (no gloves)
Will    +....                   l - +0 pair of boots
Stlth   +++.......              J - amulet of the acrobat
HPRegen 0.96/turn               v - ring of protection from fire
MPRegen 0.12/turn               w - +6 ring of intelligence

@: no status effects
A: fangs 3, regeneration 1, magic shield, antimagic bite, no potion heal 2
a: Renounce Religion, Wall of Briars


You were on level 8 of the Dungeon.
You worshipped Fedhas.
Fedhas was pleased with you.
You visited 2 branches of the dungeon, and saw 9 of its levels.
You also visited: Sewer.

You collected 445 gold pieces.
You spent 105 gold pieces at shops.

Inventory:

Hand Weapons
 c - the +5 dagger of Zasa {antimagic, rPois rC++ rN+}
   (You found it on level 2 of the Dungeon)

   It reduces the magical energy of the wielder, and disrupts the spells and
   magical abilities of those it strikes.
   Natural abilities and divine invocations are not affected.
   rC:        It greatly protects you from cold.
   rPois:     It protects you from poison.
   rN:        It protects you from negative energy.
 H - a +0 quick blade
Missiles
 s - 12 poisoned darts
 D - 4 curare-tipped darts (quivered)
 E - 6 javelins
Armour
 l - a +0 pair of boots (worn)
 K - +0 steam dragon scales (worn)
Jewellery
 v - a ring of protection from fire (left hand)
 w - a +6 ring of intelligence (right hand)
 J - an amulet of the acrobat (around neck)
Wands
 g - a wand of iceblast (5)
 q - a wand of flame (1)
 I - a wand of polymorph (3)
Scrolls
 d - a scroll of vulnerability {unknown}
 f - a scroll of summoning {unknown}
 j - 2 scrolls of blinking
 k - 3 scrolls of teleportation
 o - a scroll of magic mapping {unknown}
 x - a scroll of amnesia {unknown}
 y - a scroll of fog {unknown}
 z - a scroll of enchant weapon {unknown}
 B - a scroll of noise {unknown}
 C - a scroll of fear {unknown}
 F - a scroll of enchant armour {unknown}
 G - a scroll of immolation {unknown}
Potions
 a - a potion of lignification
 b - a potion of ambrosia {unknown}
 e - a potion of degeneration {unknown}
 h - 3 potions of flight
 i - a potion of curing {unknown}
 m - a potion of resistance {unknown}
 n - a potion of invisibility {unknown}
 p - 4 potions of brilliance
 r - a potion of cancellation {unknown}
 t - a potion of magic {unknown}
 u - a potion of might
 A - 2 potions of haste {unknown}


   Skills:
 + Level 7.4 Fighting
 + Level 6.8 Dodging
 - Level 2.4 Stealth
 + Level 8.1 Unarmed Combat


You had 8 spell levels left.
You didn't know any spells.
Your spell library contained the following spells:

 Spells                   Type           Power      Damage    Failure   Level
 Beastly Appendage        Tmut           0%         N/A       26%         1
 Shock                    Conj/Air       0%         1d3       26%         1
 Slow                     Hex            0%         N/A       26%         1
 Wereblood                Tmut           0%         N/A       36%         2
 Call Canine Familiar     Summ           0%         N/A       58%         3
 Confusing Touch          Hex            0%         N/A       58%         3
 Portal Projectile        Hex/Tloc       0%         N/A       58%         3
 Spider Form              Tmut/Pois      0%         N/A       58%         3
 Swiftness                Air            0%         N/A       58%         3
 Vampiric Draining        Necr           0%         2d6       58%         3
 Airstrike                Air            0%         N/A       94%         4
 Leda's Liquefaction      Hex/Erth       0%         N/A       94%         4


Dungeon Overview and Level Annotations

Branches:
Dungeon (7/15)             Temple (1/1) D:5           Sewer (visited)

Altars:
Ashenzari
Cheibriados
Dithmenos
Elyvilon
Fedhas
Gozag
Hepliaklqana
Kikubaaqudgha
Makhleb
Nemelex Xobeh
Okawaru
Qazlal
Ru
Trog
Uskayaw
Vehumet
Wu Jian
The Shining One

Shops:
D:3 ?

Annotations:
D:4 2 runed translucent doors, Robocop's ghost, novice HOFi


Innate Abilities, Weirdness & Mutations

You have razor-sharp teeth.
Your natural rate of healing is unusually fast.
When hurt, damage is shared between your health and your magic reserves.
Your bite disrupts and absorbs the magic of your enemies.
Potions cannot restore your health.


Message History

You punch the orc priest!
You kill the orc priest!
Fedhas appreciates your contribution to the ecosystem.
The orc priest misses you.
You hit the orc warrior but do no damage.
Your bite misses the orc warrior. The orc priest barely misses you. x2
You hit the orc warrior.
The orc warrior is lightly wounded.
The orc warrior completely misses you.
Throw: 7 darts (curare)
Press: ? - help, Q - select action, (/) - cycle Shift-Dir - straight line, f - orc warrior
Aim: an orc warrior, wielding a +0 flail and wearing a +0 chain mail (lightly wounded, 63% to hit)
You throw a curare-tipped dart.
The curare-tipped dart barely misses the orc warrior.
The orc priest calls down the wrath of Beogh upon you.
Beogh smites you!
The orc priest invokes the aid of Beogh against you.
You resist with significant effort. The orc warrior misses you.
Throw: 6 darts (curare)
Press: ? - help, Q - select action, (/) - cycle Shift-Dir - straight line, f/p - orc warrior
Aim: an orc warrior, wielding a +0 flail and wearing a +0 chain mail (lightly wounded, 63% to hit)
You throw a curare-tipped dart.
The curare-tipped dart barely misses the orc warrior.
The orc priest hits you with a +0 mace. The orc priest misses you.
The orc warrior misses you.
Throw: 5 darts (curare)
Press: ? - help, Q - select action, (/) - cycle Shift-Dir - straight line, f/p - orc warrior
Aim: an orc warrior, wielding a +0 flail and wearing a +0 chain mail (lightly wounded, 63% to hit)
You throw a curare-tipped dart.
The curare-tipped dart hits the orc warrior.
The orc warrior is poisoned.
The orc warrior convulses.
The orc warrior seems to slow down.
The orc warrior is heavily wounded.
The orc priest hits you with a +0 mace!
* * * LOW HITPOINT WARNING * * *
The orc priest hits you with a +0 falchion!
* * * LOW HITPOINT WARNING * * *
The orc warrior hits you with a +0 flail.
You die...
Fedhas appreciates your contribution to the ecosystem.

#.#.......
#.........
###.........
##.(.$.......
###............
##..............
#...............
#......@o......
#.......oo......
#..........(..##.
###.....#...#.#
#.#####..## .. ##
...# .. #.## .
#.#


You could see an orc warrior (very poisoned, slow) and 2 orc priests.

Vanquished Creatures
  Grinder (D:3)
  Sigmund (D:3)
  The ghost of Peloso the Covered, an amateur MiFi (D:5)
  A steam dragon (D:7)
  Duvessa (D:6)
  A water moccasin (D:7)
  An ice beast (D:5)
  3 necrophages (D:7)
  An ogre (D:5)
  A phantom (D:7)
  3 kobold brigands (Sewer)
  2 water moccasin zombies
  2 scorpions
  2 wyvern zombies
  Dowan (D:6)
  3 centaur zombies (D:7)
  5 orc priests
  2 hounds
  3 jellies
  A bullfrog skeleton (D:5)
  Natasha (thrice) (D:2)
  A centaur skeleton (D:5)
  3 orc wizards
  3 iguanas
  Terence (D:3)
  6 adders
  2 shadow imps
  2 white imps
  An ufetubus (D:7)
  An adder skeleton (D:4)
  5 worms
  2 dart slugs
  14 orcs
  4 endoplasms
  6 giant cockroaches
  A goblin (D:3)
  5 hobgoblins
  A quokka (D:1)
  5 ball pythons
  7 bats
  4 frilled lizards
  18 kobolds
  5 rats
136 creatures vanquished.

Vanquished Creatures (others)
  11 plants
11 creatures vanquished.

Grand Total: 147 creatures vanquished

Notes
Turn   | Place    | Note
-------+----------+-------------------------------------------
     0 | D:1      | Gabide the Vine Stalker Monk began the quest for the Orb.
     0 | D:1      | Reached XP level 1. HP: 11/11 MP: 2/2
   302 | D:1      | Reached XP level 2. HP: 16/16 MP: 3/3
  1172 | D:2      | Reached XP level 3. HP: 20/20 MP: 4/4
  1509 | D:2      | Noticed Natasha
  1522 | D:2      | HP: 1/20 [Natasha (1)]
  1524 | D:2      | Killed Natasha
  1525 | D:2      | Gained mutation: Your natural rate of healing is unusually
                  | fast. [Vine Stalker growth]
  1525 | D:2      | Reached XP level 4. HP: 2/24 MP: 2/5
  1543 | D:2      | Identified the +5 dagger of Zasa {antimagic, rPois rC++
                  | rN+}
  1684 | D:2      | Noticed Natasha
  1700 | D:2      | Killed Natasha
  1878 | D:2      | Noticed Natasha
  1888 | D:2      | Killed Natasha
  1889 | D:2      | Reached skill level 4 in Unarmed Combat
  1889 | D:2      | Reached XP level 5. HP: 29/29 MP: 2/6
  1968 | D:3      | Noticed Sigmund
  1987 | D:3      | Killed Sigmund
  1988 | D:3      | Reached XP level 6. HP: 25/33 MP: 2/7
  2158 | D:3      | Found a bloodstained altar of Trog.
  2167 | D:3      | Found Biut's Magic Scroll Shoppe.
  2172 | D:3      | Bought a scroll of blinking for 105 gold pieces
  2356 | D:3      | Noticed Terence
  2369 | D:3      | Killed Terence
  2402 | D:3      | Noticed Grinder
  2539 | D:3      | Reached skill level 5 in Unarmed Combat
  2539 | D:3      | Reached XP level 7. HP: 38/38 MP: 8/8
  2786 | D:4      | Found a glowing drain.
  2831 | Sewer    | Entered a sewer
  2913 | Sewer    | Reached skill level 5 in Fighting
  3695 | D:4      | Found a runed translucent door.
  3759 | D:4      | Found a runed translucent door.
  3852 | D:4      | Noticed Robocop's ghost (novice HOFi)
  4006 | D:5      | Entered Level 5 of the Dungeon
  4043 | D:5      | Gained mutation: You have razor-sharp teeth. [Vine Stalker
                  | growth]
  4043 | D:5      | Reached XP level 8. HP: 19/43 MP: 2/9
  4224 | D:5      | Found an opulent altar of Gozag.
  4242 | D:5      | Reached skill level 5 in Dodging
  4242 | D:5      | Reached skill level 6 in Unarmed Combat
  4658 | D:5      | Found a staircase to the Ecumenical Temple.
  4672 | Temple   | Entered the Ecumenical Temple
  5001 | D:5      | Found a runed translucent door.
  5002 | D:5      | Noticed Peloso's ghost (amateur MiFi)
  5100 | D:5      | Killed Peloso's ghost
  5413 | D:3      | Killed Grinder
  5414 | D:3      | Reached skill level 7 in Unarmed Combat
  5414 | D:3      | Reached XP level 9. HP: 22/49 MP: 6/10
  5575 | D:6      | Noticed Dowan
  5577 | D:6      | Noticed Duvessa
  5587 | D:6      | Killed Duvessa
  5589 | D:6      | Killed Dowan
  6138 | D:7      | Found a blossoming altar of Fedhas.
  6146 | D:7      | Became a worshipper of Fedhas Madash
  6146 | D:7      | Reached * piety under Fedhas
  6146 | D:7      | Reached ** piety under Fedhas
  6292 | D:7      | Found a hide-covered altar of Uskayaw.
  6585 | D:7      | Reached skill level 8 in Unarmed Combat
  6609 | D:7      | Found a shadowy altar of Dithmenos.
  6889 | D:7      | You fall into a shaft and drop 1 floor!
  6902 | D:8      | Slain by an orc warrior

Illustrated notes

Levels and vault maps discovered:
D:1:      ncdulo_lavacross, layout_basic
D:2:      layout_loops_ring, minmay_misc_feat_tower, uniq_natasha
D:3:      layout_rooms, amcnicky_altar_gilded, serial_shops, shop_fountains,
          uniq_grinder, uniq_sigmund, uniq_terence
D:4:      layout_loops_cross, cheibrodos_sewer_entry_drain,
          ebering_ghost_sewer_f, minmay_tree_intersection
D:5:      layout_cave_pools, mainiacjoe_overflow_six_doors_small,
          minmay_temple_entry_ruins, ebering_ghost_reflecting_pool,
          minmay_increasing_density
D:6:      layout_cave_pools, uniq_duvessa
D:7:      layout_layer_cave, grunt_dithmenos_smoke, fedhas_altar_decomposition,
          overflow_temple_1_default
D:8:      layout_cave_pools, lemuel_flame_loot_1, uniq_joseph
Temple:   nicolae_temple_god_jail

Skill      XL: |  1  2  3  4  5  6  7  8  9 |
---------------+----------------------------+-----
Fighting       | 3 4 5 6 7 |  7.4
Dodging        | 3 4 5 6 |  6.8
Unarmed Combat | 4 5 7 8 |  8.1
Stealth        | |  2.4

Action                   |  1- 3 |  4- 6 |  7- 9 || total
-------------------------+-------+-------+-------++-------
Melee: Unarmed           |    99 |    80 |   365 ||   544
       Bite              |    23 |    37 |   125 ||   185
       Punch             |     4 |     4 |    20 ||    28
       Dagger            |       |    35 |       ||    35
Throw: Throwing net      |       |     3 |       ||     3
       Dart              |       |     3 |    37 ||    40
Evoke: Wand              |       |       |     6 ||     6
  Use: Potion            |     1 |     1 |       ||     2
       Scroll            |       |       |     4 ||     4
 Stab: Sleeping          |     3 |     1 |     5 ||     9
       Distracted        |       |       |     1 ||     1
Armor: Robe              |     3 |       |       ||     3
       Ring mail         |    25 |    23 |   116 ||   164
       Steam dragon scal |       |       |     3 ||     3
Dodge: Dodged            |    55 |    72 |   269 ||   396
